Map: Abyssal Reef LE

Players

Horiken - Winner!

  • Race: Terran Terran
  • League: Diamond
  • Spawn Location: 5:00

范冰冰

  • Race: Zerg Zerg
  • League: Diamond
  • Spawn Location: 11:00

VOD

Have the link to the VOD?

Description

Time

  • Played on: Oct. 20, 2017, 9:07 a.m.
  • Length: 12:05
Show
View Real Time Build Order
Export as new Build Order

Horiken Terran - Winner!

Build Orders: Reaper Expand, Hellion Banshee 

Get SALT Encoding   

  12  0:01  SCV  
  13  0:13  SCV  
  14  0:17  Supply Depot  
  14  0:25  SCV  
  15  0:30  Refinery  
  15  0:39  SCV  
  16  0:45  Barracks  
  16  0:51  SCV  
  17  1:03  SCV  
  18  1:16  SCV  
  19  1:33  Orbital Command  
  19  1:34  Reaper  
  20  1:50  Command Center  
  20  1:57  Supply Depot  
  20  1:59  SCV  
  21  2:06  Barracks Reactor  
  21  2:11  SCV  
  22  2:16  Factory  
  22  2:23  SCV  
  22  2:26  Refinery  
  23  2:36  SCV  
  24  2:46  Marine  
  24  2:47  Marine  
  24  2:48  SCV  
  27  3:00  SCV  
  27  3:01  Orbital Command  
  28  3:11  Starport  
  28  3:12  SCV  
  28  3:13  Hellion x2  
  32  3:20  Barracks Tech Lab  
  32  3:23  Supply Depot  
  32  3:24  SCV  
  33  3:27  SCV  
  34  3:35  Hellion x2  
  34  3:36  SCV  
  39  3:43  SCV  
  39  3:50  Supply Depot  
  40  3:55  SCV  
  40  3:56  SCV  
  40  3:58  Banshee, Cloaking Field  
  48  4:02  Hellion  
  48  4:03  Hellion  
  48  4:07  SCV  
  49  4:14  Supply Depot  
  49  4:18  SCV  
  49  4:20  SCV  
  51  4:24  Armory  
  51  4:31  SCV  
  52  4:32  SCV  
  52  4:33  Refinery  
  52  4:35  Refinery  
  52  4:36  Hellion x2  
  57  4:41  Supply Depot  
  57  4:42  Barracks Tech Lab  
  57  4:43  SCV  
  58  4:46  Factory  
  58  4:49  SCV  
  59  4:56  SCV  
  59  4:58  Viking  
  62  5:08  SCV x2  
  62  5:11  Hellion x2  
  68  5:20  Barracks Tech Lab, SCV  
  68  5:21  SCV  
  70  5:29  Banshee  
  73  5:36  Hellion x2  
  73  5:42  Factory  
  69  5:45  Thor  
  67  5:58  Hellion  
  67  5:59  Hellion  
  71  6:14  Banshee  
  71  6:17  Terran Vehicle Weapons Level 1  
  74  6:27  Hellion x2  
  74  6:30  Supply Depot  
  78  6:39  Thor  
  78  6:40  Supply Depot  
  78  6:41  Supply Depot  
  84  6:51  Thor  
  90  6:58  Hellion x2  
  90  7:01  Supply Depot, Medivac  
  96  7:10  Infernal Pre-Igniter  
  96  7:12  Barracks Tech Lab  
  96  7:19  Hellion x2  
  96  7:20  Supply Depot  
  96  7:21  Engineering Bay  
  100  7:24  Thor  
  106  7:45  Thor, Hellion x2  
  116  7:55  Banshee  
  119  8:07  Thor  
  119  8:10  Hellion x2  
  120  8:36  Hellion x2  
  124  9:02  Banshee  
  121  9:11  Hellion  
  121  9:12  Hellion  
  121  9:17  Thor  
  93  9:25  Hellion  
  69  9:33  Hellion x2  
  60  9:46  Hellion  
  60  9:47  Banshee  
  51  10:03  Hellion x2  
  55  10:17  Thor  
  61  10:31  Thor  
  61  10:33  Hellion x2  
  63  11:00  Siege Tank  
  61  11:31  Siege Tank  
Show
View Real Time Build Order
Export as new Build Order

范冰冰 Zerg 

Build Orders: Hatch First 

Get SALT Encoding   

  12  0:05  Drone  
  13  0:13  Overlord  
  13  0:21  Drone  
  14  0:34  Drone x2  
  16  0:40  Drone  
  17  0:54  Hatchery  
  16  0:59  Drone  
  17  1:13  Extractor  
  17  1:15  Spawning Pool, Drone  
  16  1:21  Drone  
  17  1:33  Drone x2  
  20  1:54  Drone x2  
  21  2:04  Overlord  
  21  2:06  Queen  
  23  2:10  Queen  
  23  2:13  Zergling x2  
  26  2:20  Metabolic Boost  
  26  2:33  Hatchery  
  24  2:37  Zergling x2  
  24  2:40  Drone  
  26  2:58  Drone  
  26  2:59  Drone x5  
  32  3:10  Overlord  
  32  3:15  Queen  
  32  3:19  Queen  
  36  3:36  Drone  
  36  3:37  Drone x6  
  36  3:40  Spore Crawler  
  42  3:45  Drone  
  42  3:47  Overlord  
  44  3:51  Queen  
  44  3:53  Queen  
  48  3:57  Queen  
  50  4:17  Overlord  
  50  4:19  Overlord  
  49  4:28  Zergling x2  
  50  4:35  Queen  
  50  4:36  Overlord  
  52  4:39  Lair  
  52  4:43  Extractor, Drone x13  
  52  4:45  Extractor  
  63  4:49  Queen  
  65  5:01  Overlord  
  65  5:05  Spore Crawler  
  65  5:06  Drone  
  65  5:08  Drone, Spore Crawler  
  65  5:19  Drone  
  65  5:20  Drone x10, Overlord  
  76  5:31  Extractor  
  76  5:33  Drone  
  76  5:35  Baneling Nest  
  75  5:36  Zergling x2  
  75  5:37  Zergling x8  
  74  5:58  Drone  
  74  6:03  Drone x2  
  76  6:12  Overseer  
  76  6:13  Overlord  
  76  6:22  Evolution Chamber  
  76  6:23  Evolution Chamber  
  76  6:25  Drone  
  74  6:26  Drone x2  
  74  6:27  Drone  
  74  6:32  Drone x9  
  86  6:42  Hydralisk Den  
  86  6:44  Queen  
  87  6:48  Hatchery, Zerg Ground Armor Level 1  
  87  6:49  Centrifical Hooks, Zerg Melee Weapons Level 1  
  87  6:50  Hatchery  
  85  6:58  Drone  
  85  6:59  Drone x9  
  95  7:02  Overseer, Extractor  
  95  7:03  Pneumatized Carapace  
  94  7:08  Infestation Pit  
  94  7:09  Drone  
  94  7:10  Hydralisk Den  
  93  7:32  Overlord x2  
  93  7:33  Overlord  
  93  7:34  Overlord  
  93  7:38  Muscular Augments  
  91  7:45  Extractor  
  91  7:49  Hydralisk  
  91  7:50  Hydralisk x5  
  98  8:02  Spore Crawler  
  98  8:03  Overseer, Overlord  
  97  8:06  Overseer  
  97  8:07  Overlord  
  97  8:08  Queen  
  99  8:19  Hydralisk x9  
  101  8:21  Drone  
  101  8:22  Drone x7  
  101  8:26  Hive  
  116  8:36  Zergling x2  
  116  8:37  Zergling x14  
  124  8:47  Hydralisk x4  
  132  8:49  Overlord  
  132  8:59  Baneling  
  132  9:00  Baneling x16  
  126  9:03  Zergling x14  
  104  9:27  Hydralisk  
  104  9:28  Hydralisk x5  
  104  9:29  Zergling x2, Hydralisk  
  104  9:30  Zergling x12  
  104  9:42  Queen  
  104  9:47  Zergling x14  
  104  9:50  Extractor  
  101  9:57  Adrenal Glands  
  94  10:00  Drone x7  
  94  10:04  Extractor, Queen  
  102  10:07  Queen  
  102  10:12  Drone  
  102  10:13  Drone x3  
  102  10:14  Drone x3  
  111  10:25  Overseer  
  111  10:27  Drone  
  111  10:28  Drone x9  
  121  10:31  Extractor  
  120  10:40  Hatchery  
  119  10:53  Hydralisk  
  119  10:54  Hydralisk x3  
  119  10:56  Overlord  
  119  10:57  Overlord  
  117  11:16  Spine Crawler x3  
  117  11:17  Spine Crawler x2  
  108  11:20  Spine Crawler  
  108  11:23  Hydralisk  
  108  11:24  Hydralisk x8  
  108  11:34  Spine Crawler x2  
  108  11:35  Spine Crawler x2  
  108  11:36  Spine Crawler x2  
Tags
 
Add a new tag
Caveats
  • Supply blocks, unpowered buildings, or Contaminate may cause inaccurate times.
  • Supply counts are checked every 10 seconds.